Map: Pillars of Gold LE

Players

DRG

  • Race: Zerg Zerg
  • Spawn Location: 1:00

soul - Winner!

  • Race: Terran Terran
  • Spawn Location: 7:00

Event: StayAtHome Story Cup #3

VOD

Have the link to the VOD?

Description

Time

  • Played on: March 12, 2021, 7:15 a.m.
  • Length: 8:48

All games in this series

Show
View Real Time Build Order
Export as new Build Order

DRG Zerg 

Build Orders: Hatch First 

Get SALT Encoding   

  12  0:00  Drone  
  13  0:13  Overlord  
  13  0:17  Drone  
  14  0:31  Drone x2  
  16  0:50  Hatchery  
  16  0:53  Drone  
  16  0:57  Drone  
  16  1:00  Drone  
  18  1:11  Extractor  
  17  1:16  Spawning Pool  
  16  1:19  Drone  
  16  1:23  Drone  
  18  1:29  Drone  
  19  1:39  Drone  
  20  1:50  Drone  
  21  2:02  Queen x2  
  21  2:03  Zergling x4  
  27  2:11  Overlord  
  27  2:13  Drone  
  28  2:25  Hatchery  
  28  2:28  Drone  
  28  2:31  Drone  
  28  2:34  Drone  
  28  2:36  Drone  
  31  2:42  Queen  
  33  2:48  Overlord  
  33  2:51  Drone  
  33  2:55  Metabolic Boost  
  34  2:58  Drone  
  34  3:01  Drone  
  36  3:10  Drone  
  36  3:11  Drone  
  36  3:12  Drone  
  39  3:13  Drone x2  
  39  3:18  Queen  
  43  3:22  Overlord  
  43  3:24  Drone  
  44  3:32  Overlord  
  44  3:37  Queen  
  44  3:39  Drone x2  
  44  3:41  Overlord  
  48  3:44  Drone  
  48  3:45  Drone  
  48  3:47  Drone  
  48  3:48  Drone  
  52  3:52  Zergling x2  
  52  3:53  Drone x2  
  55  3:57  Drone x2  
  55  4:02  Queen  
  59  4:05  Drone x2  
  59  4:06  Zergling x2  
  59  4:09  Overlord  
  62  4:10  Drone  
  63  4:18  Drone x4  
  63  4:21  Queen  
  69  4:26  Overlord  
  69  4:27  Drone  
  69  4:28  Drone x2  
  69  4:30  Drone  
  73  4:33  Baneling Nest  
  73  4:36  Drone x4  
  76  4:39  Drone x2  
  76  4:43  Zergling x4  
  76  4:45  Queen  
  80  4:49  Zergling x8  
  86  4:59  Zergling x4  
  89  5:00  Zergling x2  
  89  5:02  Hatchery  
  89  5:03  Lair  
  89  5:05  Extractor  
  89  5:06  Extractor  
  86  5:09  Spore Crawler  
  86  5:11  Spore Crawler x2  
  86  5:13  Drone x3  
  86  5:15  Drone x3  
  86  5:16  Drone  
  86  5:20  Overlord  
  90  5:23  Overlord  
  90  5:25  Overlord  
  90  5:27  Drone  
  90  5:28  Extractor  
  90  5:29  Extractor  
  90  5:31  Overlord  
  90  5:32  Drone x2  
  90  5:36  Overlord  
  90  5:40  Drone x2  
  90  5:42  Drone x4  
  96  5:43  Drone  
  96  5:48  Evolution Chamber  
  96  5:49  Evolution Chamber  
  95  5:52  Overlord  
  95  5:53  Drone  
  95  5:56  Zergling x2  
  96  6:00  Drone x3  
  96  6:01  Zergling x6  
  96  6:03  Overseer  
  102  6:04  Centrifical Hooks  
  102  6:05  Drone x2  
  102  6:10  Drone x2  
  106  6:15  Zergling x4  
  106  6:16  Queen  
  110  6:19  Baneling x7  
  110  6:21  Zerg Melee Weapons Level 1  
  110  6:24  Zerg Ground Armor Level 1  
  110  6:26  Drone x2  
  110  6:27  Zergling x4  
  110  6:29  Overlord  
  114  6:33  Zergling x8  
  114  6:34  Zergling x2  
  114  6:37  Zergling x4  
  114  6:38  Zergling x4  
  123  6:41  Zergling x2  
  123  6:42  Zergling x4  
  123  6:46  Zergling x4  
  128  6:48  Zergling x8  
  132  6:54  Zergling x4  
  132  6:56  Baneling x8, Queen  
  132  7:00  Zergling x8  
  140  7:05  Zergling x6  
  140  7:07  Overlord x2  
  143  7:08  Baneling x6  
  143  7:13  Zergling x2  
  143  7:14  Zergling x10  
  148  7:18  Baneling, Overlord  
  147  7:23  Zergling x6  
  147  7:29  Zergling x14  
  152  7:35  Zergling x12  
  158  7:39  Zergling x4  
  158  7:40  Baneling x6, Zergling x2  
  158  7:42  Zergling x2  
  162  7:46  Zergling x4  
  162  7:51  Baneling x3  
  161  7:53  Zergling x2  
  161  7:54  Zergling x2  
  161  7:56  Zergling x2  
  152  7:58  Zergling x2  
  152  8:00  Baneling x8  
  152  8:01  Baneling x5  
  152  8:02  Queen, Zergling x4  
  144  8:06  Zergling x2  
  144  8:07  Queen, Zergling x4  
  144  8:12  Zergling x16  
  121  8:22  Zergling x10  
  121  8:23  Zergling x2  
  121  8:25  Zergling x2  
  105  8:33  Baneling x6  
Show
View Real Time Build Order
Export as new Build Order

soul Terran - Winner!

Build Orders: Command Center First (CC) 

Get SALT Encoding   

  12  0:00  SCV  
  13  0:12  SCV  
  14  0:18  Supply Depot  
  14  0:25  SCV  
  15  0:40  SCV  
  16  0:52  SCV  
  17  1:02  Command Center  
  17  1:06  SCV  
  18  1:16  Barracks  
  18  1:20  SCV  
  19  1:25  Refinery  
  19  1:32  SCV  
  20  1:34  Refinery  
  20  1:44  SCV  
  21  1:56  SCV  
  22  2:04  Reaper  
  23  2:08  Orbital Command  
  23  2:14  Orbital Command  
  23  2:25  Factory  
  23  2:30  Supply Depot  
  23  2:35  SCV  
  24  2:37  Barracks Reactor  
  24  2:41  SCV  
  25  2:47  SCV  
  26  2:53  SCV  
  27  2:59  SCV  
  27  3:03  Command Center  
  27  3:05  SCV  
  29  3:11  Starport  
  29  3:12  SCV  
  30  3:18  SCV  
  31  3:22  Hellion  
  31  3:23  Hellion  
  31  3:24  SCV  
  31  3:27  Barracks Tech Lab  
  36  3:30  SCV  
  37  3:36  SCV  
  38  3:42  SCV  
  38  3:44  Hellion  
  43  3:48  SCV  
  43  3:50  Barracks Tech Lab  
  43  3:54  SCV  
  45  3:58  Banshee  
  45  4:00  Supply Depot  
  46  4:12  Barracks  
  46  4:14  Orbital Command, Barracks, Factory Reactor, SCV x2  
  48  4:17  Marine  
  48  4:23  Stimpack  
  49  4:25  Supply Depot  
  49  4:26  SCV  
  49  4:29  SCV, Barracks  
  51  4:31  Barracks  
  51  4:34  Refinery  
  51  4:37  Marine  
  52  4:39  SCV  
  52  4:40  SCV  
  52  4:41  SCV  
  55  4:48  Supply Depot  
  55  4:49  Refinery  
  55  4:51  SCV, Starport Reactor  
  56  4:56  SCV  
  56  4:57  Engineering Bay x2  
  57  5:03  Siege Tank  
  57  5:05  SCV  
  57  5:06  SCV  
  62  5:08  Marine x3  
  62  5:10  Marine  
  62  5:12  SCV, Marine  
  68  5:19  Barracks Reactor x2  
  68  5:20  Supply Depot  
  68  5:23  SCV  
  68  5:26  Terran Infantry Weapons Level 1  
  69  5:30  Terran Infantry Armor Level 1, Marine x4, Orbital Command  
  69  5:31  Marine  
  74  5:41  Supply Depot x2  
  74  5:47  Supply Depot  
  74  5:48  Marine x3  
  77  5:50  Siege Tank  
  77  5:51  Medivac  
  77  5:52  Marine  
  77  5:54  Marine  
  84  5:58  Marine x3  
  84  6:00  Marine  
  84  6:03  Medivac  
  90  6:06  Marine x2  
  90  6:09  Supply Depot  
  90  6:10  Combat Shield  
  92  6:12  Marine, Supply Depot  
  92  6:14  Marine x2  
  92  6:16  Marine x2  
  94  6:22  Marine x2, Siege Tank  
  94  6:24  Marine  
  94  6:25  Marine  
  101  6:30  Marine  
  101  6:31  Marine  
  103  6:33  Marine  
  103  6:34  Supply Depot x2  
  103  6:37  Medivac  
  103  6:38  Marine  
  103  6:39  Marine x2  
  108  6:42  Medivac  
  108  6:44  Marine x2  
  108  6:47  Marine x2  
  113  6:49  Marine  
  113  6:53  Marine  
  117  6:56  Marine x2  
  117  6:58  Siege Tank  
  117  7:00  Supply Depot  
  117  7:01  Marine x2  
  122  7:02  Marine  
  122  7:04  Marine  
  122  7:07  Marine x2, Medivac  
  130  7:10  Marine  
  130  7:14  Marine x2  
  126  7:19  Marine x3  
  126  7:22  Marine  
  126  7:25  Marine x2  
  126  7:28  Marine  
  130  7:32  Marine x2, Siege Tank  
  130  7:36  Marine  
  135  7:37  Marine  
  135  7:39  Marine  
  138  7:44  Marine  
  138  7:45  Marine x2  
  138  7:46  Marine  
  138  7:50  Marine x2  
  143  7:54  Marine  
  143  7:58  Marine  
  137  8:04  Marine  
  137  8:05  Marine  
  137  8:09  Marine  
  137  8:10  Marine  
  137  8:11  Marine  
  137  8:12  Marine  
  141  8:19  Marine  
  117  8:21  Marine  
  117  8:22  Marine x2  
  117  8:23  Marine  
  117  8:26  Marine  
  101  8:28  Marine  
  101  8:29  Marine  
  101  8:30  Marine  
Tags
 
Add a new tag
Caveats
  • Supply blocks, unpowered buildings, or Contaminate may cause inaccurate times.
  • Supply counts are checked every 10 seconds.